Map: King Sejong Station LE

Players

Nerchio - Winner!

  • Race: Zerg Zerg
  • League: Master

MarineLorD

  • Race: Terran Terran
  • League: Master

Event: DreamHack ZOWIE Open Valencia 2016

VOD

Have the link to the VOD?

Description

Time

  • Played on: July 16, 2016, 1:52 p.m.
  • Length: 18:29

All games in this series

Show
View Real Time Build Order
Export as new Build Order

Nerchio Zerg - Winner!

Build Orders: Hatch First 

Get SALT Encoding   

  12  0:00  Drone  
  13  0:12  Overlord  
  13  0:17  Drone  
  14  0:30  Drone x2  
  14  0:34  Drone  
  17  0:52  Hatchery  
  17  0:54  Drone  
  18  0:57  Drone  
  18  1:03  Extractor  
  17  1:13  Spawning Pool  
  17  1:16  Drone  
  17  1:19  Drone  
  18  1:27  Drone  
  19  1:38  Overlord  
  19  1:50  Drone  
  20  1:59  Queen  
  22  2:02  Zergling x2  
  22  2:03  Queen  
  22  2:04  Zergling x2  
  22  2:07  Metabolic Boost  
  26  2:12  Drone  
  26  2:15  Drone  
  28  2:21  Drone  
  29  2:35  Queen  
  31  2:38  Drone  
  31  2:39  Queen  
  31  2:43  Overlord  
  33  2:45  Drone  
  33  2:48  Drone  
  35  2:55  Overlord  
  35  3:01  Drone x2  
  35  3:04  Drone  
  38  3:10  Drone x4  
  38  3:11  Drone  
  43  3:14  Zergling x2  
  43  3:15  Zergling x2  
  45  3:28  Drone  
  45  3:31  Hatchery  
  45  3:32  Drone  
  45  3:33  Drone  
  47  3:41  Overlord  
  47  3:43  Drone  
  47  3:44  Drone  
  47  3:45  Roach Warren  
  47  3:46  Drone  
  49  3:49  Drone  
  49  3:51  Drone  
  49  3:53  Overlord  
  51  3:57  Overlord  
  51  3:59  Evolution Chamber  
  50  4:07  Overlord  
  50  4:19  Drone  
  50  4:20  Drone  
  50  4:21  Extractor  
  51  4:25  Roach x7  
  51  4:27  Queen  
  67  4:32  Roach  
  67  4:34  Overlord  
  69  4:42  Roach  
  71  4:48  Evolution Chamber  
  71  4:52  Drone x3, Overlord  
  73  4:54  Spore Crawler  
  72  5:01  Roach  
  72  5:02  Roach  
  76  5:07  Drone  
  76  5:08  Drone  
  76  5:09  Overlord  
  76  5:10  Lair  
  76  5:13  Zergling x2  
  76  5:14  Zergling x6  
  79  5:20  Drone  
  79  5:21  Drone x2  
  84  5:22  Drone x2  
  84  5:23  Drone  
  84  5:24  Drone x2  
  84  5:26  Drone  
  84  5:28  Drone  
  91  5:29  Drone  
  91  5:34  Drone  
  91  5:35  Extractor  
  92  5:38  Queen  
  92  5:41  Zerg Ground Armor Level 1  
  94  5:47  Roach x2  
  94  5:48  Overlord  
  100  5:50  Roach  
  100  5:55  Drone x3  
  100  5:56  Overlord, Extractor  
  100  5:57  Overlord  
  102  6:00  Overlord  
  99  6:14  Zergling x2  
  99  6:15  Zergling x8  
  99  6:16  Roach x3  
  105  6:19  Roach x4  
  105  6:24  Drone, Queen  
  114  6:26  Drone  
  114  6:29  Spore Crawler  
  114  6:34  Zerg Melee Weapons Level 1  
  114  6:35  Roach x2  
  114  6:37  Drone  
  119  6:40  Drone  
  119  6:42  Extractor  
  119  6:43  Overlord  
  116  6:58  Drone  
  116  6:59  Drone x3  
  116  7:00  Queen  
  116  7:01  Overlord  
  122  7:03  Hatchery  
  122  7:07  Extractor  
  120  7:11  Ravager  
  120  7:12  Ravager x4  
  125  7:17  Glial Reconstitution  
  125  7:23  Zergling x20  
  135  7:30  Overlord  
  135  7:32  Infestation Pit  
  135  7:34  Overseer  
  134  7:40  Drone  
  134  7:41  Overlord  
  134  7:51  Zerg Ground Armor Level 2  
  134  7:52  Overlord  
  134  7:55  Drone x2  
  134  7:56  Overlord  
  136  8:01  Roach x5  
  136  8:02  Roach x3  
  152  8:07  Overlord  
  152  8:11  Extractor  
  137  8:20  Roach x2  
  137  8:21  Infestor x2  
  137  8:22  Roach x2  
  137  8:23  Roach x2  
  137  8:26  Roach  
  142  8:27  Roach  
  142  8:28  Roach  
  142  8:32  Roach x2  
  142  8:34  Roach  
  144  8:36  Roach  
  144  8:37  Roach  
  144  8:39  Roach  
  141  8:43  Roach x2  
  141  8:45  Roach  
  134  8:49  Roach x2  
  134  8:53  Roach x2  
  134  8:54  Roach  
  134  8:56  Roach  
  134  8:58  Roach  
  134  9:00  Zergling x2  
  134  9:01  Zergling x2  
  134  9:03  Roach  
  134  9:05  Roach  
  134  9:08  Roach x2  
  140  9:15  Zerg Melee Weapons Level 2  
  140  9:18  Drone  
  140  9:19  Drone x3  
  144  9:25  Ravager x2  
  144  9:26  Ravager x2  
  144  9:27  Ravager  
  144  9:28  Zergling x10  
  144  9:29  Zergling x2  
  157  9:31  Roach  
  157  9:34  Roach  
  159  9:40  Roach x2  
  159  9:41  Roach x2  
  159  9:43  Roach  
  159  9:45  Roach  
  170  9:48  Roach  
  170  9:49  Roach  
  170  9:50  Roach  
  170  9:52  Ravager x2  
  178  9:57  Roach x3  
  179  10:11  Drone x3  
  180  10:16  Drone x2  
  180  10:17  Spore Crawler  
  180  10:19  Spore Crawler  
  180  10:27  Hive  
  180  10:33  Infestor  
  180  10:34  Infestor  
  180  10:35  Overlord  
  184  10:39  Drone x3  
  187  10:46  Zergling x2  
  187  10:47  Zergling x22  
  196  11:02  Overlord  
  196  11:33  Hatchery  
  196  11:39  Adrenal Glands  
  195  11:40  Ultralisk Cavern  
  195  11:41  Zerg Melee Weapons Level 3  
  195  11:42  Zerg Ground Armor Level 3  
  194  11:54  Zergling x12  
  191  12:26  Chitinous Plating  
  197  12:30  Ultralisk  
  197  12:33  Ultralisk  
  194  12:46  Spore Crawler x2  
  194  12:49  Zergling x2  
  194  12:50  Zergling x12  
  199  13:10  Hatchery  
  193  13:37  Spire  
  189  13:42  Ultralisk x2  
  195  13:49  Extractor  
  194  13:57  Spire  
  194  13:58  Baneling Nest  
  190  14:04  Spawning Pool  
  176  14:12  Ultralisk x3  
  176  14:14  Infestor  
  176  14:15  Infestor  
  180  14:21  Ultralisk x3  
  192  14:32  Infestor  
  192  14:36  Overlord, Extractor  
  185  14:39  Overlord  
  185  14:43  Centrifical Hooks  
  185  14:46  Overlord  
  185  14:47  Drone x3  
  188  15:01  Corruptor x6  
  200  15:11  Zerg Flyer Armor Level 1  
  200  15:29  Greater Spire  
  200  15:42  Overseer x2  
  200  15:43  Overseer  
  200  15:49  Extractor  
  199  15:57  Zergling x2  
  190  16:19  Corruptor x3  
  190  16:20  Corruptor x2  
  190  16:24  Zergling x2  
  190  16:25  Zergling x4  
  185  16:26  Corruptor x2  
  185  16:52  Zergling x30  
  200  16:57  Infestation Pit  
  195  17:17  Baneling x6  
  195  17:18  Baneling x30  
  195  17:40  Zergling x10  
  188  17:55  Zergling x8  
  188  17:56  Zergling x10  
Show
View Real Time Build Order
Export as new Build Order

MarineLorD Terran 

Build Orders: Reaper Expand, MMM Bio 

Get SALT Encoding   

  12  0:00  SCV  
  13  0:12  SCV  
  14  0:17  Supply Depot  
  14  0:25  SCV  
  15  0:38  SCV  
  15  0:40  Barracks  
  16  0:44  Refinery  
  16  0:50  SCV  
  17  1:03  SCV  
  18  1:15  SCV  
  19  1:27  Reaper  
  19  1:28  Orbital Command  
  20  1:40  Command Center  
  20  1:52  Barracks  
  20  1:54  SCV  
  20  2:00  Barracks Reactor  
  21  2:08  SCV  
  21  2:09  Supply Depot  
  21  2:15  Refinery  
  22  2:20  SCV  
  23  2:33  SCV  
  23  2:34  Factory  
  24  2:38  Marine x2  
  24  2:39  Barracks Tech Lab  
  26  2:45  SCV  
  27  2:55  Orbital Command  
  27  2:56  Marine x2  
  27  2:57  SCV  
  30  3:00  Marine  
  30  3:03  Stimpack  
  31  3:09  SCV  
  32  3:13  Marine  
  32  3:14  Marine  
  32  3:18  Marine  
  35  3:21  Starport  
  35  3:23  SCV  
  35  3:25  SCV  
  37  3:29  Factory Reactor  
  37  3:35  SCV  
  37  3:36  Supply Depot  
  37  3:38  SCV  
  37  3:39  Marine  
  37  3:40  Marine  
  41  3:42  Marine  
  41  3:47  SCV  
  43  3:50  SCV  
  43  3:53  Supply Depot  
  44  3:57  Marine x2  
  44  3:59  SCV  
  44  4:00  Marine  
  44  4:02  SCV  
  49  4:11  SCV  
  49  4:12  Medivac x2  
  49  4:13  Factory Reactor  
  49  4:15  SCV  
  49  4:16  Refinery  
  55  4:18  Supply Depot  
  55  4:24  Supply Depot, SCV  
  55  4:26  Marine  
  55  4:27  SCV  
  55  4:29  Marine  
  55  4:31  Marine  
  60  4:36  SCV  
  61  4:39  SCV  
  61  4:45  Supply Depot  
  62  4:46  Marine  
  62  4:47  Marine  
  62  4:50  Marine  
  62  4:51  Widow Mine  
  62  4:52  Widow Mine  
  69  4:53  Medivac  
  69  4:54  Medivac  
  69  4:55  SCV  
  69  4:56  SCV  
  75  5:07  SCV, Marine  
  73  5:08  SCV  
  73  5:09  Marine  
  78  5:19  SCV  
  78  5:20  Widow Mine x2  
  83  5:22  Supply Depot  
  83  5:23  Medivac  
  83  5:24  Marauder  
  83  5:28  Marine  
  86  5:36  Supply Depot x2  
  86  5:43  Marine  
  86  5:44  Barracks  
  86  5:45  Barracks x2  
  86  5:46  Engineering Bay, Marine  
  89  5:55  Marauder  
  90  5:58  Widow Mine x2  
  90  6:01  Marine  
  95  6:09  Marine  
  92  6:14  Medivac x2  
  86  6:24  Marine, Marauder  
  87  6:26  Terran Infantry Weapons Level 1  
  87  6:28  Marine  
  89  6:39  Barracks Tech Lab x2  
  88  6:40  Barracks Reactor  
  88  6:43  Widow Mine x2  
  88  6:46  Command Center, Marine x3  
  95  6:49  SCV x2  
  95  6:52  Combat Shields  
  95  6:53  Liberator  
  97  7:05  Marauder  
  97  7:07  Marine x2, Marauder x2  
  106  7:18  Marine  
  106  7:19  Supply Depot x2, Marine  
  108  7:24  Marine x2, Concussive Shells  
  110  7:35  Liberator  
  110  7:38  Marine x2  
  110  7:41  Marine, Marauder x2  
  115  7:47  Marine x2  
  117  7:56  Marine  
  117  7:57  Marauder  
  121  7:59  Marine  
  121  8:03  Marauder x2  
  121  8:04  SCV x2  
  121  8:05  Marine x2  
  128  8:07  Refinery  
  130  8:14  Marine  
  130  8:16  SCV, Marine  
  130  8:18  Marauder  
  113  8:23  Marine x2  
  113  8:24  Marauder x2  
  109  8:32  Marine  
  107  8:34  Medivac, Marine  
  107  8:35  Medivac  
  107  8:40  Marauder  
  107  8:41  Marine x2  
  111  8:45  Marauder x2  
  113  8:50  Marine  
  113  8:52  Marine  
  101  8:58  Marine  
  101  8:59  Marine  
  101  9:00  SCV  
  101  9:01  Marauder  
  94  9:06  Marine  
  94  9:07  SCV, Marine, Marauder  
  96  9:10  Marine  
  96  9:11  Orbital Command  
  96  9:15  Terran Infantry Armor Level 1  
  96  9:16  SCV, Marine x2  
  99  9:19  SCV  
  99  9:22  Marauder  
  102  9:25  Marine, Marauder  
  102  9:28  Marauder, Widow Mine  
  102  9:29  Widow Mine  
  102  9:30  Barracks x2  
  112  9:31  SCV  
  112  9:36  Supply Depot x2, Marine  
  112  9:37  Marine  
  114  9:43  SCV  
  114  9:44  Marine x2, Marauder  
  108  9:46  Marauder  
  108  9:49  Medivac x2, Marine  
  115  9:54  Marine  
  115  9:55  Marine  
  117  10:02  Marine  
  117  10:03  Marine  
  117  10:05  Marauder  
  119  10:07  Marauder x2  
  119  10:12  Marine  
  119  10:13  Marine  
  117  10:19  Medivac x2  
  117  10:20  Marine  
  122  10:21  Marine  
  122  10:26  Marauder  
  123  10:28  Marine  
  123  10:29  Barracks Tech Lab x2, Marauder  
  123  10:30  Marine  
  123  10:31  Marine, Armory  
  123  10:32  Engineering Bay  
  119  10:38  Marine  
  119  10:41  Command Center, Marine  
  121  10:47  Marauder  
  121  10:48  Marine x2, Marauder x3  
  131  10:50  Marine  
  129  10:57  Marine  
  129  10:59  Marine  
  129  11:04  Medivac x2  
  135  11:05  Marine  
  135  11:06  Marine  
  135  11:08  Marauder x2  
  135  11:09  Marauder  
  143  11:13  Marauder  
  143  11:14  Marine, Marauder  
  143  11:17  Widow Mine x2  
  150  11:26  Supply Depot, Terran Infantry Weapons Level 2  
  150  11:29  Supply Depot  
  150  11:31  Marauder  
  152  11:33  Refinery, Marine x2  
  152  11:34  Marine x3  
  152  11:35  Refinery  
  157  11:40  Supply Depot  
  157  11:41  Supply Depot  
  157  11:47  Marine x2  
  157  11:48  Marauder  
  157  11:50  Marine  
  157  11:53  Marauder  
  164  11:56  Marine, Marauder  
  164  11:57  Marine  
  168  12:01  Marine  
  168  12:04  Liberator x2  
  168  12:06  Marauder x2  
  171  12:08  Marine  
  171  12:09  Marine  
  171  12:13  Marine  
  171  12:14  Marine  
  171  12:15  Marine  
  175  12:17  Marine  
  175  12:19  Marine  
  183  12:25  Ghost Academy  
  173  12:46  Terran Infantry Armor Level 2  
  173  12:47  Liberator x2  
  173  12:50  Marine x2  
  175  12:52  Marine x2  
  175  12:55  Marine, Refinery  
  175  12:56  Marauder  
  175  12:57  Refinery  
  180  12:59  Planetary Fortress  
  186  13:21  Command Center  
  186  13:24  Missile Turret  
  178  13:27  Ghost  
  164  13:41  Ghost  
  164  14:02  Ghost  
  142  14:22  Marine x2, Marauder  
  141  14:28  Marauder  
  142  14:33  Marine  
  131  14:46  Ghost  
  131  14:51  Medivac  
  135  14:57  Medivac  
  137  15:15  Sensor Tower  
  137  15:31  Medivac x2  
  137  15:34  Ghost x3  
  147  15:37  Ghost  
  151  16:03  Ghost x2  
  155  16:05  Planetary Fortress  
  151  16:11  Terran Ship Weapons Level 1  
  151  16:16  Marauder  
  149  16:18  Marine  
  149  16:19  Marauder  
  154  16:29  Marine  
  154  16:32  Marauder  
  157  16:34  Marauder  
  157  16:39  Marauder  
  147  16:40  SCV  
  147  16:41  SCV  
  147  16:42  SCV  
  142  16:52  Medivac x2, SCV  
  147  16:54  Marine  
  147  16:58  Marauder  
  147  17:01  Marine  
  149  17:04  Marine  
  149  17:05  Marine  
  149  17:06  Marine  
  149  17:11  Marauder  
  146  17:28  Liberator  
  146  17:29  SCV x3  
  149  17:30  SCV  
  150  17:40  Marine x2, Marauder  
  150  17:41  SCV x3  
  134  17:53  SCV  
  108  18:05  SCV  
  108  18:17  SCV  

Tags
 
Add a new tag
Caveats
  • Supply blocks, unpowered buildings, or Contaminate may cause inaccurate times.
  • Supply counts are checked every 10 seconds.